 Dungeon Crawl Stone Soup version 0.31-a0-204-g7da18cac08 (webtiles) character file.

Game seed: 13549180481631387919

117 qw the Skirmisher (level 4, 0/25 HPs)
             Began as a Deep Elf Hunter on June 27, 2023.
             Succumbed to a kobold's poison
             ... on level 3 of the Dungeon.
             The game lasted 00:00:47 (1353 turns).

qw the Skirmisher (Deep Elf Hunter)                 Turns: 1353, Time: 00:00:47

Health: 0/25       AC:  5    Str: 10    XL:     4   Next: 71%
Magic:  6/6        EV: 11    Int: 17    God:
Gold:   161        SH:  0    Dex: 18    Spells: 3/3 levels left

rFire   . . .        Y - +0 shortbow
rCold   + . .        (shield currently unavailable)
rNeg    . . .        f - +0 ring mail of Claustrophobia {rC+ Int+3}
rPois   .            (no helmet)
rElec   .            (no cloak)
rCorr   .            (no gloves)
SInv    .            (no boots)
Will    .....        (no amulet)
Stlth   +            (no ring)
HPRegen 0.24/turn    (no ring)
MPRegen 0.10/turn

%: no passive effects
@: lethally poisoned (0 -> -8)
A: no striking features
a: no special abilities


You were on level 3 of the Dungeon.
You visited 1 branch of the dungeon, and saw 3 of its levels.

You collected 161 gold pieces.


   Skills:
 - Level 1.5 Fighting
 + Level 8.1 Ranged Weapons
 - Level 2.4 Dodging
 - Level 1.2 Stealth


You had 3 spell levels left.
You didn't know any spells.
Your spell library was empty.

Inventory:

Hand Weapons
 Y - a +0 shortbow (weapon)
Armour
 f - the +0 ring mail of Claustrophobia (worn) {rC+ Int+3}
   (You found it on level 2 of the Dungeon)

   Int:       It affects your intelligence (+3).
   rC:        It protects you from cold.
Jewellery
 d - a ring of ice
Scrolls
 a - a scroll of identify
 c - a scroll of enchant armour
 e - a scroll of torment {unknown}
Potions
 b - a potion of brilliance {unknown}
 g - a potion of attraction {unknown}
 i - a potion of invisibility {unknown}

Dungeon Overview and Level Annotations

Branches:
Dungeon (3/15)

Altars:


Message History

You shoot an arrow. The arrow hits the jackal.
The jackal is lightly wounded.
The jackal closely misses you. The jackal barely misses you. x3
You shoot an arrow. The arrow hits the jackal!
You kill the jackal!
The jackal bites you but does no damage.
The jackal completely misses you.
You shoot an arrow.
The arrow hits the kobold but does no damage.
The kobold hits you with a +1 dagger of venom.
The jackal barely misses you.
You shoot an arrow. The arrow barely misses the kobold.
The jackal closely misses you. The kobold barely misses you.
The jackal barely misses you.
You shoot an arrow. The arrow misses the kobold.
The kobold hits you but does no damage.
You are poisoned.
The jackal misses you. The kobold hits you but does no damage.
You are more poisoned.
You shoot an arrow. The arrow barely misses the kobold.
You feel very sick. The jackal barely misses you.
The jackal closely misses you. The kobold hits you but does no damage.
You are lethally poisoned!
You shoot an arrow. The arrow hits the kobold.
The kobold is severely wounded.
You feel very sick.
The jackal bites you but does no damage.
The kobold barely misses you. The jackal bites you.
You shoot an arrow. The arrow barely misses the kobold.
You feel very sick. The kobold barely misses you. The jackal misses you.
You shoot an arrow. The arrow hits the kobold.
The kobold is severely wounded.
You feel very sick.
The jackal bites you but does no damage.
The kobold closely misses you.
You shoot an arrow. The arrow hits the kobold.
You kill the kobold!
You die...

#......')######
#.............# #
#.............#
#.#.............#
#........#'######
#.......#(######
##...)..........
#..............
#......@>......
#......#h."....
#(.....#%.[....
#......#.......
########.!....#
..##..# ..# #..
.(. ..


You could see a jackal.

Vanquished Creatures
  A gnoll (D:1)
  4 adders
  A worm (D:2)
  3 dart slugs
  An orc (D:3)
  4 ball pythons
  4 endoplasms
  5 giant cockroaches
  4 goblins
  7 hobgoblins
  4 jackals
  4 quokkas
  2 bats
  5 frilled lizards
  5 kobolds
  8 rats
62 creatures vanquished.

Notes
Turn   | Place    | Note
-------+----------+-------------------------------------------
     0 | D:1      | qw the Deep Elf Hunter began the quest for the Orb.
     0 | D:1      | Reached XP level 1. HP: 12/12 MP: 3/3
     0 | D:1      | 0 ||| qw: Version: 0.3-a-22-g0ed2b0b
     0 | D:1      | 0 ||| qw: Game counter: 6358
     0 | D:1      | 0 ||| qw: Melee chars always use a shield: true
     0 | D:1      | 0 ||| qw: God list: Okawaru
     0 | D:1      | 0 ||| qw: Allow faded altars: false
     0 | D:1      | 0 ||| qw: Do Orc after clearing Dungeon:15 true
     0 | D:1      | 0 ||| qw: Do second Lair branch before Depths: true
     0 | D:1      | 0 ||| qw: Lair rune preference: random
     0 | D:1      | 0 ||| qw: Goals: Normal
     0 | D:1      | 0 ||| PLANNING D:1-11
     6 | D:1      | 6 ||| DROPPING amulet of magic regeneration.
     7 | D:1      | 7 ||| DROPPING scroll of butterflies.
   151 | D:1      | Reached XP level 2. HP: 16/16 MP: 4/4
   159 | D:1      | Reached skill level 6 in Ranged Weapons
   308 | D:1      | Reached XP level 3. HP: 20/20 MP: 5/5
   551 | D:1      | 551 ||| READING 2 scrolls labelled NYUSORO IFIQE.
   552 | D:1      | 552 ||| READING scroll labelled QUELIN RIFEU.
   553 | D:1      | 553 ||| DRINKING 2 amethyst potions.
   567 | D:2      | Reached skill level 7 in Ranged Weapons
   670 | D:2      | HP: 2/20 [frozen (5)]
   671 | D:2      | 671 ||| DRINKING potion of heal wounds.
   674 | D:2      | Reached XP level 4. HP: 17/25 MP: 6/6
   792 | D:2      | Identified the +0 ring mail of Claustrophobia {rC+ Int+3}
  1161 | D:2      | 1161 ||| UPGRADING to +0 ring mail.
  1171 | D:2      | 1171 ||| DROPPING +0 leather armour.
  1172 | D:2      | 1172 ||| UPGRADING to +0 ring mail of Claustrophobia {rC+
                  | Int+3}.
  1182 | D:2      | 1182 ||| DROPPING +0 ring mail.
  1183 | D:2      | 1183 ||| READING scroll labelled AMUILO ECZAAG.
  1184 | D:2      | 1184 ||| READING 2 scrolls of identify.
  1184 | D:2      | 1184 ||| IDENTIFYING glowing silvery potion
  1185 | D:2      | 1185 ||| DROPPING potion of degeneration.
  1335 | D:3      | Reached skill level 8 in Ranged Weapons
  1351 | D:3      | HP: 4/25 [poisoned by a kobold]
  1353 | D:3      | Succumbed to a kobold's poison

Levels and vault maps discovered:
D:1:      scummos_arrival_star, layout_rooms, chequers_serial_rivers_micro_a
D:2:      layout_basic, serial_bayou_lagoon_a
D:3:      layout_basic, nicolae_dithmenos_shadow_blocks, marbit_many_paths,
          cheibrodos_gnoll_hut

Skill      XL: |  1  2  3  4 |
---------------+-------------+-----
Ranged Weapons | 6 7 8 |  8.1
Fighting       | |  1.5
Dodging        | |  2.4
Stealth        | |  1.2

Action                     |  1- 3 |  4- 6 || total
---------------------------+-------+-------++-------
   Fire: Shortbow          |   116 |    88 ||   204
    Use: Scroll            |     2 |     2 ||     4
         Potion            |     2 |       ||     2
 Armour: Leather armour    |    17 |       ||    17
         Ring mail         |       |    15 ||    15
  Dodge: Dodged            |    33 |    35 ||    68

Table legend:
 A = Non-vault XP
 B = Vault XP
 C = Vault XP percentage of total XP
 D = Non-vault monster count
 E = Vault monster count
 F = Vault count percentage of total count
                 A         B        C        D         E       F
            +---------+---------+-------+---------+---------+-------
      Total |     166 |       3 |   1.8 |      61 |       1 |   1.6
            +---------+---------+-------+---------+---------+-------
        D:1 |      61 |       0 |   0.0 |      29 |       0 |   0.0
        D:2 |      72 |       0 |   0.0 |      21 |       0 |   0.0
        D:3 |      33 |       3 |   8.3 |      11 |       1 |   8.3
            +---------+---------+-------+---------+---------+-------
